 Dungeon Crawl Stone Soup version 0.29.1-15-g9cfb28693d (webtiles) character file.

Game seed: 8565377799196649663

431 cdecastro the Cleaver (level 6, -4/51 HPs)
             Began as a Hill Orc Fighter on Mar 3, 2023.
             Was an Initiate of Nemelex Xobeh.
             Slain by an ogre
             ... wielding a +0 giant club
              (10 damage)
             ... on level 5 of the Dungeon.
             The game lasted 00:05:15 (5267 turns).

cdecastro the Cleaver (Hill Orc Fighter)            Turns: 5267, Time: 00:05:16

Health: -4/51      AC:  6    Str: 21    XL:     6   Next: 99%
Magic:  6/6        EV:  9    Int:  8    God:    Nemelex Xobeh [......]
Gold:   243        SH:  0    Dex: 10    Spells: 5/5 levels left

rFire   . . .      SeeInvis .   a - +0 war axe
rCold   . . .      Faith    .   (no shield)
rNeg    . . .      Spirit   .   b - +0 scale mail
rPois   .          Reflect  .   (no helmet)
rElec   .          Harm     .   (no cloak)
rCorr   .          Rampage  .   (no gloves)
Will    .....                   (no boots)
Stlth   ..........              (no amulet)
HPRegen 0.17/turn               (no ring)
MPRegen 0.10/turn               (no ring)

@: no status effects
A: no striking features
a: Renounce Religion, Draw Escape, Draw Destruction, Draw Summoning


You were on level 5 of the Dungeon.
You worshipped Nemelex Xobeh.
Nemelex Xobeh was noncommittal.
You visited 2 branches of the dungeon, and saw 6 of its levels.

You collected 243 gold pieces.

Inventory:

Hand Weapons
 a - a +0 war axe (weapon)
 A - the +8 falchion "Huzes" {vorpal, rF+ Str+3 Int-4}
   (You found it on level 3 of the Dungeon)

   It inflicts extra damage upon your enemies.
   Str:       It affects your strength (+3).
   Int:       It affects your intelligence (-4).
   rF:        It protects you from fire.
Missiles
 y - 4 poisoned darts (quivered)
 B - 3 javelins
Armour
 b - a +0 scale mail (worn)
 c - a +0 buckler
Magical Staves
 k - a staff of conjuration
Jewellery
 t - a ring of magical power
 D - a ring of willpower
Wands
 s - a wand of roots (8)
 C - a wand of charming (8)
Scrolls
 e - 2 scrolls of magic mapping {unknown}
 g - 3 scrolls of vulnerability {unknown}
 h - a scroll of enchant weapon {unknown}
 m - 2 scrolls of identify {unknown}
 n - a scroll of brand weapon {unknown}
 o - a scroll of silence {unknown}
 q - 7 scrolls of fog {unknown}
 u - 3 scrolls of poison {unknown}
 w - a scroll of teleportation {unknown}
 E - a scroll of noise {unknown}
Potions
 d - 2 potions of might
 f - 2 potions of haste {unknown}
 i - 2 potions of berserk rage {unknown}
 j - 3 potions of degeneration {unknown}
 l - 2 potions of ambrosia {unknown}
 p - 4 potions of curing {unknown}
 r - a potion of brilliance {unknown}
 v - a potion of attraction {unknown}
 x - a potion of magic {unknown}
 z - 2 potions of invisibility {unknown}


   Skills:
 - Level 3.6 Fighting
 + Level 9.5 Axes
 - Level 3.2 Armour
 - Level 3.2 Shields


You had 5 spell levels left.
You didn't know any spells.
Your spell library contained the following spells:

 Spells                   Type           Power      Damage    Failure   Level
 Sting                    Tmut/Pois      0%         1d3       75%         1
 Gell's Gravitas          Tloc           0%         N/A       98%         3
 Teleport Other           Tloc           0%         N/A       98%         3
 Tukima's Dance           Hex            0%         N/A       98%         3
 Passage of Golubria      Tloc           0%         N/A       100%        4
 Summon Ice Beast         Ice/Summ       0%         N/A       100%        4
 Blade Hands              Tmut           0%         N/A       100%        5
 Summon Mana Viper        Hex/Summ       0%         N/A       100%        5
 Yara's Violent Unravell  Hex/Tmut       0%         3d3       100%        5
 Dispersal                Tloc           0%         N/A       100%        6
 Iron Shot                Conj/Erth      0%         9d1       100%        6
 Monstrous Menagerie      Summ           0%         N/A       100%        7


Dungeon Overview and Level Annotations

Branches:
Dungeon (5/15)             Temple (1/1) D:4

Altars:
Ashenzari
Cheibriados
Elyvilon
Fedhas
Gozag
Hepliaklqana
Kikubaaqudgha
Makhleb
Nemelex Xobeh
Qazlal
Ru
Sif Muna
Trog
Uskayaw
Vehumet
Wu Jian
Xom
Zin
The Shining One


Message History

Something hits you.
Unknown command.
You slash the orc priest!
The orc priest threatens, "By the altar or by the axe, you will meet Beogh!"
The orc priest is almost dead.
You hit something.
The orc priest calls down the wrath of Beogh upon you.
Pain shoots through your body!
* * * LOW HITPOINT WARNING * * *
Something hits you but does no damage.
You barely miss the orc priest.
The orc priest is almost dead.
You barely miss something.
The orc priest looks encouraged for a moment.
Something hits you but does no damage.
Unknown command.
You barely miss the orc priest.
The orc priest is almost dead.
You barely miss something. Something hits you but does no damage.
The orc priest hits you with a +2 vorpal hand axe!
* * * LOW HITPOINT WARNING * * *
x2 Unknown command.
You hit the orc priest.
You kill the orc priest!
You hit something.
You hear some strange, mumbled words.
A magic dart appears from out of thin air!
The magic dart hits you.
* * * LOW HITPOINT WARNING * * *
You slash something! Something hits you but does no damage.
You hit something.
Reactivating autopickup.
You feel a bit more experienced.
You slash the orc priest!
You kill the orc priest!
You slash the ogre!
The ogre is heavily wounded.
The ogre hits you with a +0 giant club!
You die...
Your body disappears without a glow.

... .... #..###..# ## #
#.......# #. #.
#.###...## #. #..
#.##.....## #. #...
#.#.......## ##.
##....##).........####..
#.....O@..........'..†..
......##..........####..
###.. #.#.......## #.#.
#. #.##.....## ##.# #
#.###...## ##. ..# ##+##
# ###


You could see an ogre.

Vanquished Creatures
  2 orc priests (D:5)
  A hound (D:5)
  5 jellies
  An iguana (D:4)
  2 orc wizards
  4 adders
  2 worms (D:2)
  A dart slug (D:2)
  6 orcs (D:3)
  2 bats
  10 endoplasms
  4 giant cockroaches
  4 goblins
  9 hobgoblins
  2 jackals (D:2)
  9 kobolds
  6 quokkas
  4 ball pythons
  A frilled lizard (D:3)
  2 rats (D:1)
77 creatures vanquished.

Vanquished Creatures (others)
  4 fungi (D:3)
  2 plants (D:3)
  9 toadstools (D:3)
15 creatures vanquished.

Grand Total: 92 creatures vanquished

Notes
Turn   | Place    | Note
-------+----------+-------------------------------------------
     0 | D:1      | cdecastro the Hill Orc Fighter began the quest for the Orb.
     0 | D:1      | Reached XP level 1. HP: 19/19 MP: 1/1
    88 | D:1      | Reached skill level 3 in Axes
   437 | D:1      | Reached XP level 2. HP: 20/26 MP: 2/2
   518 | D:1      | Found a faded altar of an unknown god.
   623 | D:1      | Reached skill level 4 in Axes
  1136 | D:2      | Reached XP level 3. HP: 23/31 MP: 3/3
  1390 | D:2      | Reached skill level 5 in Axes
  1666 | D:2      | Reached XP level 4. HP: 19/39 MP: 4/4
  2411 | D:3      | Reached skill level 6 in Axes
  2415 | D:3      | Got the Handbook of Gritty Shapes
  2428 | D:3      | Found a snail-covered altar of Cheibriados.
  2853 | D:3      | Found a glowing silver altar of Zin.
  3082 | D:3      | Reached skill level 7 in Axes
  3082 | D:3      | Reached XP level 5. HP: 21/45 MP: 5/5
  3611 | D:3      | Identified the +8 falchion "Huzes" {vorpal, rF+ Str+3
                  | Int-4}
  3908 | D:4      | Reached skill level 8 in Axes
  3908 | D:4      | Reached XP level 6. HP: 27/51 MP: 6/6
  4088 | D:4      | Found a white marble altar of Elyvilon.
  4385 | D:4      | Found a staircase to the Ecumenical Temple.
  4393 | Temple   | Entered the Ecumenical Temple
  4582 | Temple   | Became a worshipper of Nemelex Xobeh the Trickster
  5076 | D:5      | Entered Level 5 of the Dungeon
  5241 | D:5      | Reached skill level 9 in Axes
  5267 | D:5      | Slain by an ogre

Illustrated notes

Levels and vault maps discovered:
D:1:      shiori_arrival_oz, layout_loops_ring,
          shapermc_ecumenical_altar_starsandcircs, chequers_serial_rivers_marsh,
          minmay_misc_feat_ornament, nrook_mini_backslash
D:2:      layout_loops_ring
D:3:      cheibrodos_fertilizer, layout_loops_cross, marbit_many_paths,
          mainiacjoe_overflow_brackets, serial_bayou, serial_bayou_lake_a,
          serial_bayou_shore_a, serial_bayou_pond_e, serial_bayou_ford_a,
          minivault_19
D:4:      layout_loops_ring, mainiacjoe_overflow_alcove_2,
          minmay_temple_entry_hall
D:5:      layout_loops_corners, jmf_multi_god_temple,
          nicolae_ossuary_entry_catacombs, kennysheep_generic_room_13
Temple:   nicolae_temple_bog_church

Skill      XL: |  1  2  3  4  5  6 |
---------------+-------------------+-----
Axes           | 3 4 5 7 8 9 |  9.5
Fighting       | |  3.6
Armour         | |  3.2
Shields        | |  3.2

Action                   |  1- 3 |  4- 6 || total
-------------------------+-------+-------++-------
Melee: War axe           |    85 |   125 ||   210
       Punch             |       |     2 ||     2
Armor: Scale mail        |    42 |    50 ||    92
Dodge: Dodged            |    51 |    52 ||   103
